 Dungeon Crawl Stone Soup version 0.31-a0-1589-g8f5e8aebd6 (webtiles) character file.

Game seed: 15805935220430059304

713 Arex the Trooper (level 7, -1/54 (66) HPs)
             Began as a Naga Fighter on Jan 5, 2024.
             Was a Follower of Cheibriados.
             Slain by a wight
             ... wielding a +0 trident
              (7 damage)
             ... on level 5 of the Dungeon.
             The game lasted 00:05:24 (4383 turns).

Arex the Trooper (Naga Fighter)                     Turns: 4383, Time: 00:05:25

HP:   -1/54 (66)    AC:  8    Str: 23    XL:     7   Next: 69%
MP:   8/8           EV: 12    Int: 10    God:    Cheibriados [*.....]
Gold: 229           SH:  5    Dex: 18    Spells: 6/6 levels left

rFire   . . .        a - +0 war axe
rCold   . . .        c - +0 buckler
rNeg    . . .        b - +0 scale mail
rPois   +            (no helmet)
rElec   .            v - +0 cloak
rCorr   .            l - +0 pair of gloves
SInv    +            (no barding)
Will    .....        (no amulet) Stlth
                     m - +5 ring of evasion
HPRegen 0.29/turn    k - +6 ring of dexterity
MPRegen 0.11/turn

%: no passive effects
@: mighty, heavily drained, very slow
A: AC +2, large, see invisible, deformed body, poison resistance, slowness 2,
spit poison 1, naga tail 1
a: Spit Poison, Renounce Religion, Bend Time


You were on level 5 of the Dungeon.
You worshipped Cheibriados.
Cheibriados was aware of your devotion.
You visited 2 branches of the dungeon, and saw 6 of its levels.

You collected 229 gold pieces.

Inventory:

Hand Weapons
 a - a +0 war axe (weapon)
Armour
 b - a +0 scale mail (worn)
 c - a +0 buckler (worn)
 l - a +0 pair of gloves (worn)
 v - a +0 cloak (worn)
Jewellery
 k - a +6 ring of dexterity (right hand)
 m - a +5 ring of evasion (left hand)
Wands
 o - a wand of charming (2)
Scrolls
 e - a scroll of summoning
 f - a scroll of immolation {unknown}
 j - 4 scrolls of teleportation
 q - a scroll of silence {unknown}
 r - 2 scrolls of blinking
 s - 2 scrolls of vulnerability {unknown}
Potions
 g - 2 potions of heal wounds
 h - 2 potions of mutation {unknown}
 i - a potion of cancellation {unknown}
 n - 3 potions of enlightenment
 p - a potion of magic {unknown}
 t - a potion of invisibility {unknown}
 u - a potion of degeneration {unknown}


   Skills:
 + Level 4.9 Fighting
 + Level 4.2 Axes
 + Level 3.9 Armour
 + Level 4.4 Shields
 + Level 2.6 Invocations


You had 6 spell levels left.
You didn't know any spells.
Your spell library contained the following spells:

 Spells                   Type           Power      Damage    Failure   Level
 Call Canine Familiar     Summ           0%         N/A       98%         3
 Gell's Gravitas          Tloc           0%         N/A       98%         3
 Sigil of Binding         Hex            0%         N/A       98%         3
 Teleport Other           Tloc           0%         N/A       98%         3
 Dimensional Bullseye     Hex/Tloc       0%         N/A       100%        4
 Dispersal                Tloc           0%         N/A       100%        6


Dungeon Overview and Level Annotations

Branches:
Dungeon (5/15)             Temple (1/1) D:4

Altars:
Cheibriados
Elyvilon
Hepliaklqana
Kikubaaqudgha
Nemelex Xobeh
Okawaru
Qazlal
Wu Jian
Yredelemnul


Innate Abilities, Weirdness & Mutations

Your serpentine skin is tough. (AC +2)
You have supernaturally acute eyesight. (SInv)
Armour fits poorly on your strangely shaped body.
Your system is resistant to poisons. (rPois)
You cover ground very slowly.
You can spit poison.
You have a snake-like lower body.


Message History

The wight is heavily damaged.
The wight hits you with a +0 short sword!
The wight hits you from afar with a +0 trident.
* * * LOW HITPOINT WARNING * * *
You hit the wight.
The wight is almost destroyed.
The wight barely misses you. You block the wight's attack.
The wight barely misses you.
The wight hits you from afar with a +0 trident.
* * * LOW HITPOINT WARNING * * *
You hit the wight.
You destroy the wight!
Cheibriados appreciates the change of pace.
The wight hits you from afar with a +0 trident!
* * * LOW HITPOINT WARNING * * *
Okay, then.
You feel much better. You block the wight's attack.
You feel very mighty all of a sudden.
The wight hits you from afar with a +0 trident!
* * * LOW HITPOINT WARNING * * *
The wight hits you with a +0 trident.
* * * LOW HITPOINT WARNING * * *
You feel drained. The wight barely misses you.
Things that are here:
a +0 short sword; a +0 robe You slash the wight!
The wight is severely damaged.
The wight hits you with a +0 trident.
* * * LOW HITPOINT WARNING * * *
You barely miss the wight.
The wight is severely damaged.
The wight closely misses you.
You closely miss the wight.
The wight is severely damaged.
The wight hits you with a +0 trident.
* * * LOW HITPOINT WARNING * * *
You feel drained.
* * * LOW HITPOINT WARNING * * *
The wight hits you with a +0 trident!
You die...

.........#
#........#
...###.#..
#........# ....#
# .
#........####
.#....
#............
..##...
#.#...........##
#..##...
#.#....)#..##...
..# ...
#.#....##.###..#
..
#.#####.#......#
#.... #@#.#.#..#
#### #z#......#
#...#.#.#
##......#
.....z.........
.....z.......##
......#..#....#
..#.###....##.#
. #. ####.# .


You could see a wight.

Vanquished Creatures
  A black bear (D:4)
  2 phantoms
  4 wights (D:5)
  A hound (D:5)
  Crazy Yiuf (D:4)
  Ijyb (D:4)
  3 gnolls (D:4)
  8 adders
  3 dart slugs
  A ribbon worm (D:2)
  6 orcs
  10 ball pythons
  6 endoplasms
  5 giant cockroaches
  7 goblins
  10 hobgoblins
  2 jackals (D:4)
  3 quokkas
  3 bats (D:1)
  A frilled lizard (D:1)
  11 kobolds
  4 rats
93 creatures vanquished.

Vanquished Creatures (others)
  A wight (D:5)
  A gnoll (D:4)
2 creatures vanquished.

Grand Total: 95 creatures vanquished

Notes
Turn   | Place    | Note
-------+----------+-------------------------------------------
     0 | D:1      | Arex the Naga Fighter began the quest for the Orb.
     0 | D:1      | Reached XP level 1. HP: 21/21 MP: 1/1
   200 | D:1      | Reached XP level 2. HP: 28/28 MP: 2/2
   527 | D:1      | Reached XP level 3. HP: 34/34 MP: 3/3
   594 | D:1      | Found a faded altar of an unknown god.
  1043 | D:2      | Found a stormy altar of Qazlal.
  1450 | D:2      | Reached XP level 4. HP: 40/42 MP: 4/4
  2323 | D:3      | Found an ornate altar of the Wu Jian Council.
  2493 | D:4      | Reached XP level 5. HP: 47/50 MP: 5/5
  2633 | D:4      | Found a staircase to the Ecumenical Temple.
  2635 | D:4      | Noticed a phantom
  2636 | D:4      | Noticed Ijyb
  2647 | D:4      | Killed a phantom
  2668 | D:4      | Killed Ijyb
  2686 | Temple   | Entered the Ecumenical Temple
  2698 | Temple   | Became a worshipper of Cheibriados the Contemplative
  2768 | D:4      | Reached XP level 6. HP: 57/57 MP: 6/6
  2859 | D:4      | Noticed a black bear
  2865 | D:4      | Killed a black bear
  2866 | D:4      | Reached skill level 1 in Invocations
  2979 | D:4      | Found a runed translucent door.
  2980 | D:4      | Noticed Crazy Yiuf
  3681 | D:4      | Killed Crazy Yiuf
  3739 | D:5      | Entered Level 5 of the Dungeon
  3753 | D:5      | Reached XP level 7. HP: 56/66 MP: 8/8
  3956 | D:5      | Found a hazy altar of Hepliaklqana.
  3985 | D:5      | Reached * piety under Cheibriados
  4377 | D:5      | HP: 2/55 [wight/+0 trident (8)]
  4383 | D:5      | Slain by a wight

Illustrated notes

Levels and vault maps discovered:
D:1:      ncdulo_smallfort, layout_basic, shapermc_ecumenical_altar_mp_vishouse,
          minmay_tetromino_l2
D:2:      minmay_diamond_boxcup, layout_rooms, basic_altar
D:3:      layout_loops_ring, general_overflow_altar, minmay_misc_feat_chi,
          minmay_misc_feat_iff
D:4:      layout_basic, minmay_temple_entry_drinking_statues,
          uniq_crazy_yiuf_cottage, uniq_ijyb
D:5:      layout_cave_pools, kennysheep_mini_moat,
          mainiacjoe_overflow_tiny_flanked, serial_co_window_serial,
          co_window_corner_a, co_window_corner_a, co_window_of_opportunity_a,
          co_window_of_opportunity_a, co_window_paths_a, co_window_paths_a,
          co_window_paths_a, co_window_paths_b, co_window_paths_a,
          co_window_of_opportunity_c, co_window_corner_b, co_window_corner_cb,
          co_window_of_opportunity_c, co_window_paths_d, glass_columns_a,
          glass_columns_a, glass_columns_a, glass_columns_a,
          kennysheep_generic_room_12
Temple:   nicolae_temple_stand_before_the_council

Skill      XL: |  1  2  3  4  5  6  7 |
---------------+----------------------+-----
Shields        | 3 4 |  4.4
Armour         | 3 |  3.9
Axes           | 3 4 |  4.2
Fighting       | 4 |  4.9
Invocations    | 1 2 |  2.6

Action                     |  1- 3 |  4- 6 |  7- 9 || total
---------------------------+-------+-------+-------++-------
  Melee: War axe           |    95 |   144 |    33 ||   272
Ability: Spit Poison       |    12 |    17 |       ||    29
  Evoke: Wand              |       |     1 |     2 ||     3
    Use: Scroll            |       |     4 |       ||     4
         Potion            |       |     2 |     2 ||     4
 Armour: Scale mail        |    60 |   104 |    33 ||   197
  Dodge: Dodged            |    49 |    89 |    25 ||   163
  Block: Buckler           |    19 |    25 |    13 ||    57

Table legend: (Time is in decaauts)
 A = Elapsed time spent in this place.
 B = Non-inter-level travel time spent in this place.
 C = Inter-level travel time spent in this place.
 D = Time resting spent in this place.
 E = Time spent auto-exploring this place.
 F = Levels seen in this place.
 G = Mean time per level.
                   A        B        C        D        E       F      G
               +--------+--------+--------+--------+--------+-----+--------+
         Total |   6226 |   5688 |    538 |    451 |   4428 |   6 | 1037.7 |
       Dungeon |   6188 |   5685 |    503 |    451 |   4428 |   5 | 1237.6 |
        Temple |     37 |      3 |     34 |      0 |      0 |   1 |   37.0 |
               +--------+--------+--------+--------+--------+-----+--------+

Top non-repeatable levels by time:
     D:4: 2003 daAuts
     D:1: 1316 daAuts
     D:3: 1058 daAuts
     D:2: 976 daAuts
     D:5: 833 daAuts
  Temple: 37 daAuts
